 Dungeon Crawl Stone Soup version 0.25-a0-681-gdf4e720381 (console) character file.

Game seed: 5307240993498799712, levelgen mode: classic

1020 Duffy the Cleaver (level 8, 43/58 HPs)
             Began as a Demonspawn Fighter on Mar 30, 2020.
             Quit the game on level 6 of the Dungeon.
             The game lasted 00:03:18 (2966 turns).

Duffy the Cleaver (Demonspawn Fighter)              Turns: 2966, Time: 00:03:19

Health: 43/58      AC: 11    Str: 19    XL:     8   Next: 2%
Magic:  7/8        EV:  4    Int: 10    God:
Gold:   77         SH:  8    Dex: 12    Spells: 7/7 levels left

rFire    . . .     SeeInvis .   a - +0 war axe
rCold    . . .     Gourm    .   c - +0 kite shield
rNeg     . . .     Faith    .   l - +0 chain mail (curse)
rPois    .         Spirit   +   (no helmet)
rElec    .         Reflect  .   (no cloak)
rCorr    .         Harm     .   g - +0 pair of gloves
MR       .....                  (no boots)
Stlth    ..........             k - amulet of guardian spirit (curse)
HPRegen  0.19/turn              (no ring)
MPRegen  0.11/turn              (no ring)

@: drained
A: claws 1, thin metallic scales 1, spiny 1
a: no special abilities


You were on level 6 of the Dungeon.
You were not hungry.

You visited 1 branch of the dungeon, and saw 6 of its levels.
You also visited: Ossuary.

You collected 77 gold pieces.

Inventory:

Hand Weapons
 a - a +0 war axe (weapon)
Armour
 b - a +0 scale mail
 c - a +0 kite shield (worn)
 g - a +0 pair of gloves (worn)
 l - a cursed +0 chain mail (worn)
 y - a +0 plate armour
Jewellery
 k - a cursed amulet of guardian spirit (around neck)
 v - an uncursed amulet of harm {unknown}
Wands
 o - a wand of disintegration (15)
Scrolls
 e - 4 scrolls of teleportation {unknown}
 i - 5 scrolls of enchant weapon {unknown}
 j - 3 scrolls of identify {unknown}
 p - 6 scrolls of remove curse {unknown}
 q - a scroll of magic mapping {unknown}
 r - a scroll of enchant armour {unknown}
 w - a scroll of fog {unknown}
 x - a scroll of acquirement {unknown}
Potions
 d - 2 potions of might
 h - a potion of curing {unknown}
 m - a potion of resistance {unknown}
 n - a potion of degeneration {unknown}
 s - 2 potions of brilliance {unknown}
 t - a potion of lignification {unknown}
 u - a potion of haste {unknown}
Comestibles
 f - 5 rations
 z - a chunk of flesh


   Skills:
 - Level 3.0(2.2) Fighting
 + Level 8.7(7.8) Axes
 - Level 2.6(1.9) Armour
 - Level 2.6(1.9) Shields


You had 7 spell levels left.
You didn't know any spells.
Your spell library was empty.

Dungeon Overview and Level Annotations

Branches:
Dungeon (6/15)            Ossuary (visited)
 Temple: D:4-7

Altars:
Ashenzari
Okawaru

Shops:
D:5 =[


Innate Abilities, Weirdness & Mutations

You have sharp fingernails.
You are partially covered in thin metallic scales. (AC +2)
You are partially covered in sharp spines.


Message History

The wight hits you with a +4 morningstar.
You feel drained.
Your shield and chain mail prevent you from hitting the wight.
The wight is heavily damaged.
You block the wight's attack.
You closely miss the wight.
The wight is heavily damaged.
The wight is struck by your spines. The wight completely misses you.
You hit the wight.
You destroy the wight!
You have reached level 8!
You feel clever.
Your demonic ancestry asserts itself...
Your fingernails lengthen.
You see here a quokka corpse.
You butcher the quokka corpse.
z - a chunk of flesh You see here a quokka skeleton.
Things that are here:
a +4 morningstar; 15 stones; a +0 robe Are you sure you want to abandon this character and quit the game? (Confirm with "yes".)

...# #. .. #. #. #. #[ #
# ## ####. #.# #
..##.########.# #
#.#####.##.........#.# #
##...........#....###.##
.#..###@.###.###..## #.#
#......%....## ##.# ##.
#.#.###.(###.###..##
##.# #..(....#....###...
##...).#.####.#.###
####)[### ##.## #(.# ###
#..# ...#


There were no monsters in sight!

Vanquished Creatures
  A water moccasin (D:5)
  An orc warrior (D:6)
  A scorpion (D:5)
  A howler monkey (D:4)
  4 wights (D:6)
  A crimson imp (D:5)
  3 centaur zombies
  A human zombie (Ossuary)
  A centaur skeleton (D:5)
  2 hounds
  2 orc wizards
  A worker ant (D:4)
  2 big kobold zombies (Ossuary)
  2 mummies (Ossuary)
  A hound skeleton (D:5)
  4 gnolls
  2 adders
  An ooze (D:1)
  An adder zombie (Ossuary)
  2 dart slugs
  2 leopard geckos
  22 orcs
  2 ball pythons
  2 bats (D:1)
  A giant cockroach (D:5)
  4 goblins
  2 hobgoblins (D:1)
  2 quokkas (D:6)
  2 frilled lizards
  8 hobgoblin zombies (Ossuary)
  3 kobolds (D:1)
  8 kobold zombies (Ossuary)
  A leopard gecko skeleton (D:6)
  12 orc zombies (Ossuary)
  A quokka skeleton (D:4)
  2 rats
  3 rat zombies (Ossuary)
111 creatures vanquished.

Notes
Turn   | Place    | Note
-------+----------+-------------------------------------------
     0 | D:1      | Duffy the Demonspawn Fighter began the quest for the Orb.
     0 | D:1      | Reached XP level 1. HP: 18/18 MP: 1/1
    86 | D:1      | Reached skill level 2 in Axes
   114 | D:1      | Gained mutation: You are partially covered in sharp spines.
                  | [demonic ancestry]
   114 | D:1      | Reached XP level 2. HP: 16/24 MP: 2/2
   269 | D:1      | Reached skill level 3 in Axes
   269 | D:1      | Reached XP level 3. HP: 20/29 MP: 3/3
   664 | D:3      | Found a shattered altar of Ashenzari,
   703 | D:3      | Reached skill level 4 in Axes
   703 | D:3      | Reached XP level 4. HP: 12/35 MP: 1/4
  1082 | D:4      | Gained mutation: You are partially covered in thin metallic
                  | scales. (AC +2) [demonic ancestry]
  1082 | D:4      | Reached XP level 5. HP: 29/41 MP: 3/5
  1093 | D:4      | Reached skill level 5 in Axes
  1233 | D:4      | Found an iron altar of Okawaru,
  1384 | D:4      | Found a sand-covered staircase,
  1388 | Ossuary  | Entered an ossuary
  1451 | Ossuary  | Reached XP level 6. HP: 46/47 MP: 6/6
  1470 | Ossuary  | Reached skill level 6 in Axes
  1687 | D:5      | Entered Level 5 of the Dungeon
  1738 | D:5      | Found Vetebown's Jewellery Shop,
  1763 | D:5      | Found Ibioluel's Armour Emporium,
  1918 | D:5      | Reached skill level 7 in Axes
  1918 | D:5      | Reached XP level 7. HP: 52/52 MP: 7/7
  2282 | D:6      | Reached skill level 8 in Axes
  2961 | D:6      | Gained mutation: You have sharp fingernails. [demonic
                  | ancestry]
  2961 | D:6      | Reached XP level 8. HP: 42/58 MP: 6/8
  2966 | D:6      | Quit the game

Levels and vault maps discovered:
D:1:      kilobyte_arrival_exit_the_forest, layout_rooms
D:2:      layout_basic, zin_angel, fedhas_altar_2
D:3:      minmay_diamond_boxcup, layout_basic, nicolae_ashenzari_panopticon,
          kennysheep_decorative_pillar
D:4:      layout_basic, okawaru_ov_weapons_minmay, enter_ossuary_5
D:5:      layout_loops_cross, first_ration, serial_shops,
          nicolae_shop_behind_doors, shop, shop, corexii_corridor_pit
D:6:      layout_loops_ring, chequers_temple_overflow_minitemple

Skill      XL: |  1  2  3  4  5  6  7 |
---------------+----------------------+-----
Axes           | 2 3 4 5 7 8 |  8.7
Fighting       | |  3.0
Armour         | |  2.6
Shields        | |  2.6

Action                   |  1- 3 |  4- 6 |  7- 9 || total
-------------------------+-------+-------+-------++-------
Melee: War axe           |    52 |   143 |    78 ||   273
  Eat: Chunk             |       |     4 |     3 ||     7
Armor: Scale mail        |    25 |       |       ||    25
       Chain mail        |    13 |    62 |    32 ||   107
Dodge: Dodged            |    11 |    18 |     8 ||    37
Block: Kite shield       |    34 |    63 |    46 ||   143

Table legend:
 A = Non-vault XP
 B = Vault XP
 C = Vault XP percentage of total XP
 D = Non-vault monster count
 E = Vault monster count
 F = Vault count percentage of total count
                 A         B        C        D         E       F
            +---------+---------+-------+---------+---------+-------
      Total |    1193 |     265 |  18.2 |      72 |      39 |  35.1
            +---------+---------+-------+---------+---------+-------
        D:1 |      50 |       0 |   0.0 |      17 |       0 |   0.0
        D:2 |      16 |       0 |   0.0 |       3 |       0 |   0.0
        D:3 |      86 |       0 |   0.0 |      13 |       0 |   0.0
        D:4 |     186 |       0 |   0.0 |      10 |       0 |   0.0
        D:5 |     478 |       0 |   0.0 |      18 |       0 |   0.0
        D:6 |     377 |       0 |   0.0 |      11 |       0 |   0.0
    Ossuary |       0 |     265 | 100.0 |       0 |      39 | 100.0
            +---------+---------+-------+---------+---------+-------
